AoeStats
← Iseri玫瑰

Golden Pit

509501559Analyzed
1v1 RM · 4d ago on Sep 27, 2026· 41m 14s· 2 players
Game mode
Random Map
Map size
Tiny (2 player)
Population
200
Speed
Normal
Resources
Standard
Victory
Conquest
Starting age
Dark Age
Ending age
Imperial Age
RankedLock teamsTeams togetherTeam positionsShared explorationLock speedFull tech treeHidden civsTurbo modeCheats
Victory
Defeat
🇦🇷 Magyars · Argentina
716
+16
🇨🇦 Huns · Canada
706
-16
Xeno
5:54 Loom
9:49 Feudal Age
22:38 Castle Age
28:00 Murder Holes
28:18 Masonry
31:47 Ballistics
32:25 Fletching
35:50 Bodkin Arrow
Iseri玫瑰
12:11 Feudal Age
14:33 Double-Bit Axe
16:51 Castle Age
16:25 Bloodlines
17:36 Light Cavalry
21:29 Town Watch
22:25 Wheelbarrow
22:15 Loom
22:41 Husbandry
25:13 Gold Mining
25:14 Stone Mining
26:41 Fletching
27:00 Horse Collar
29:32 Loom
31:36 Hand Cart
34:31 Imperial Age
32:03 Bodkin Arrow
32:42 Bow Saw
33:35 Heavy Plow
34:15 Gold Shaft Mining
33:58 Corvinian Army
34:50 Town Patrol
35:11 Ballistics
35:54 Parthian Tactics
36:41 Two-Man Saw
35:44 Bracer
36:48 Chemistry
35:46 Heavy Cavalry Archer
38:40 Conscription
38:39 Murder Holes
38:25 Treadmill Crane
39:26 Elite Magyar Huszar
40:45 Scale Barding Armor
41:48 Fervor
41:59 Sanctity
Connection lost

Rejoining the realm…

Still unreachable

The connection could not be restored.

Session expired

The server has moved on; the page needs a fresh start.